 Dungeon Crawl Stone Soup version 0.31-a0-981-geadf994542 (webtiles) character file.

Game seed: 11668400169726365885

756 CryoSword the Firebug (level 7, -2/56 HPs)
             Began as a Demigod Fire Elementalist on Oct 24, 2023.
             Slain by a water moccasin (3 damage)
             ... on level 5 of the Dungeon on Oct 31, 2023.
             The game lasted 00:16:21 (6348 turns).

CryoSword the Firebug (Demigod Fire Elementalist)   Turns: 6348, Time: 00:16:21

Health: -2/56      AC:  6    Str:  9    XL:     7   Next: 25%
Magic:  3/14       EV: 12    Int: 25    God:
Gold:   185        SH:  0    Dex: 14    Spells: 1/11 levels left

rFire   + . .        J - +1 short sword (elec)
rCold   . . .        (no shield)
rNeg    . . .        l - +1 robe {rF+}
rPois   .            (no helmet)
rElec   .            t - +0 cloak
rCorr   .            (no gloves)
SInv    .            D - +1 pair of boots
Will    .....        d - amulet of the acrobat
Stlth   ++           (no ring)
HPRegen 0.29/turn    (no ring)
MPRegen 0.14/turn

%: acrobat
@: lethally poisoned (-2 -> -25)
A: high MP 1, forlorn, divine attributes
a: no special abilities


You were on level 5 of the Dungeon.
You visited 1 branch of the dungeon, and saw 5 of its levels.
You also visited: Sewer.

You collected 185 gold pieces.

Inventory:

Hand Weapons
 u - a +2 quarterstaff of chaos
   (You took it off Crazy Yiuf on level 2 of the Dungeon)
 J - a +1 short sword of electrocution (weapon)
   (You took it off a goblin on level 4 of the Dungeon)
Missiles
 G - 3 poisoned darts
Armour
 l - a +1 robe of fire resistance (worn)
   (You took it off Jessica on level 2 of the Dungeon)
 m - a +0 kite shield
   (You found it on level 2 of the Dungeon)
 t - a +0 cloak (worn)
   (You took it off Crazy Yiuf on level 2 of the Dungeon)
 D - a +1 pair of boots (worn)
   (You found it in a sewer)
Jewellery
 d - an amulet of the acrobat (around neck)
   (You found it on level 1 of the Dungeon)
Talismans
 i - a blade talisman
   (You found it on level 1 of the Dungeon)
Wands
 h - a wand of paralysis (10)
   (You found it on level 3 of the Dungeon)
Scrolls
 a - 3 scrolls of revelation
 j - 2 scrolls of teleportation {@r4}
 p - 2 scrolls of enchant armour {unknown}
 r - 2 scrolls of fog {unknown}
 x - 2 scrolls of poison {unknown}
 y - a scroll of immolation {unknown}
 z - 2 scrolls of brand weapon {unknown}
 A - a scroll of fear
 E - a scroll of blinking {unknown}
 I - a scroll of torment {unknown}
Potions
 b - 2 potions of magic
 e - 3 potions of curing {unknown}
 f - a potion of ambrosia
 g - a potion of heal wounds {unknown}
 k - a potion of attraction {!q}
 n - 4 potions of enlightenment {unknown}
 s - a potion of berserk rage {unknown}
 v - a potion of invisibility {unknown}
 w - a potion of brilliance {unknown}
 B - 2 potions of haste {unknown}
 C - 2 potions of might {unknown}
 F - a potion of mutation {unknown}
 H - a potion of degeneration {unknown}


   Skills:
 + Level 2.5 Fighting
 - Level 1.7 Dodging
 - Level 1.7 Stealth
 - Level 1.2 Shields
 + Level 2.6 Spellcasting
 + Level 3.7 Conjurations
 + Level 2.4 Translocations
 * Level 5.1 Fire Magic


You had one spell level left.
You knew the following spells:

 Your Spells              Type           Power      Damage    Failure   Level
a - Foxfire               Conj/Fire      100%       2x1d9     1%          1
b - Scorch                Fire           58%        2d7       1%          2
c - Volatile Blastmotes   Fire/Tloc      44%        2d13      7%          3
d - Flame Wave            Conj/Fire      25%        2d8       17%         4

Your spell library contained the following spells:

 Spells                   Type           Power      Damage    Failure   Level
 Magic Dart               Conj           88%        1d7       2%          1
 Necrotise                Necr           12%        1d4       11%         1
 Searing Ray              Conj           44%        2d6       3%          2
 Inner Flame              Hex/Fire       16%        N/A       11%         3
 Fulminant Prism          Conj/Hex       6%         3d7       43%         4
 Anguish                  Hex/Necr       1%         N/A       71%         4
 Cause Fear               Hex            1%         N/A       71%         4
 Enfeeble                 Hex            1%         N/A       100%        7


Dungeon Overview and Level Annotations

Branches:
Dungeon (5/15)              Sewer (visited)
 Temple: D:4-7


Innate Abilities, Weirdness & Mutations

You have an increased reservoir of magic. (+10% MP)
You shall have no god before yourself.
Your divine heritage dramatically boosts your attributes as you level up.


Message History

Search for what [Enter for "."]? .
Done exploring.
Done exploring.
Done exploring.
Okay, then.
This spell is quite dangerous to cast!
You start memorising the spell.
You continue memorising. x4
You finish memorising.
Spell assigned to 'd'.
Okay, then.
Done exploring.
Done exploring.
Search for what [Enter for "."]? armor
Okay, then.
Saving game... please wait.
Options error: Missing colour in message_colour setting: 'Shift\-Dir \- straight line' Options error: Missing colour in message_colour setting: 'f \- you' Options error: Missing colour in message_colour setting: 'that.*feels deathly cold' Options error: Missing colour in message_colour setting: 'and you must be Full or above to equip it' Options error: Missing colour in message_colour setting: 'but rights himself reflexively soon after' Options error: Missing colour in message_colour setting: 'before it is too late' Options error: Missing colour in message_colour setting: 'Shift\-Dir \- straight line' Options error: Missing colour in message_colour setting: 'f \- you' Options error: Bad colour 'boring' in message_colour setting: 'boring:disappears without a glow' Options error: Bad colour 'boring' in message_colour setting: 'boring:disappears without a sign' Options error: Bad colour 'boring' in message_colour setting: 'boring:disappears into the void' Options error: Bad colour 'boring' in message_colour setting: 'boring:glow with a rainbow of weird colours and disappear' Options error: Bad colour 'boring' in message_colour setting: 'boring:glows slightly and disappears' Options error: Bad colour 'boring' in message_colour setting: 'boring:is slowly consumed by flames' Options error: Bad colour 'boring' in message_colour setting: 'boring:slowly burns to ash' Options error: Bad colour 'boring' in message_colour setting: 'boring:slowly crumbles into the ground' Options error: Bad colour 'boring' in message_colour setting: 'boring:shimmers? and breaks? into pieces' Options error: Bad colour 'boring' in message_colour setting: 'boring:stares at you suspiciously for a moment' Options error: Bad colour 'boring' in message_colour setting: 'boring:trembles before you' Options error: Bad colour 'boring' in message_colour setting: 'boring:You feel mildly nauseous' Options error: Bad colour 'boring' in message_colour setting: 'boring:Multicoloured lights dance around' Welcome back, CryoSword the Demigod Fire Elementalist.
Done exploring.
Press: ? - help, v - describe, . - travel The floor.
You see here a +0 dagger.
There is a stone staircase leading down here.
You climb downwards.
There is a stone staircase leading up here.
Okay, then.
As you read the scroll labelled KUCLID PUYGG, it crumbles to dust.
Magic quickly surges around you.
It was a scroll of vulnerability.
You drop 4 scrolls of vulnerability {!r}.
As you read the scroll labelled SUS JED QERPHEKK, it crumbles to dust.
You feel strangely unstable.
It was a scroll of teleportation.
You climb upwards.
There is a stone staircase leading down here.
Your surroundings suddenly seem different.
Done exploring.
There is an open door here.
There is an open door here.
A kobold comes into view. It is wielding a +0 dagger.
You can't go down here!
A kobold is nearby!
The kobold shouts!
There is an open door here.
You conjure some foxfire!
Flames lash the kobold.
You kill the kobold!
Done exploring.
Done exploring.
Done exploring.
There is an open door here.
You see here a +0 dagger.
You feel your willpower return.
There is a stone staircase leading down here.
You climb downwards.
There is a stone staircase leading up here.
You see here 4 scrolls of vulnerability {!r}.
There is a stone staircase leading up here.
You see here 4 scrolls of vulnerability {!r}.
Found a stone staircase leading up.
A scorpion comes into view.
Found a scroll labelled KACHEI EQOSK.
You conjure some foxfire!
You conjure some foxfire!
The foxfire hits the scorpion.
The foxfire hits the scorpion!
You can't see any susceptible monsters within range! (Use Z to cast anyway.)
You conjure some foxfire!
Flames lash the scorpion.
You kill the scorpion!
You hear a shout!
An orc wizard comes into view. It is wielding a +0 dagger.
An orc priest comes into view. It is wielding a +0 club.
An orc wizard comes into view. It is wielding a +0 dagger.
The foxfire hits the orc wizard.
You hear a shout!
Your Fire Magic skill increases to level 5!
You conjure some foxfire!
The foxfire hits the orc wizard. x3
The orc wizard casts a spell.
The orc wizard flickers and vanishes!
Deactivating autopickup; reactivate with Ctrl-A.
A water moccasin comes into view.
You conjure some foxfire!
The foxfire hits the orc priest!
The foxfire hits something.
Reactivating autopickup.
You feel a bit more experienced.
Flames lash the orc priest.
The orc priest's fire resistance burns away.
The foxfire hits the orc priest!
The orc priest is burned terribly!
You kill the orc priest!
An orc priest comes into view. It is wielding a +0 morningstar.
The foxfire hits the water moccasin.
You conjure some foxfire!
Flames lash the orc wizard.
The orc wizard's fire resistance burns away.
The foxfire hits the water moccasin. x2
The orc wizard gestures at you while chanting.
You are confused.
You're too confused to move!
The orc priest mumbles some strange prayers to Beogh against you.
Pain shoots through your body!
The water moccasin completely misses you.
The water moccasin bites you.
You are poisoned.
The water moccasin poisons you!
There is a stone staircase leading up here.
You feel very sick. The water moccasin bites you!
You are more poisoned.
The water moccasin poisons you!
The orc priest calls upon Beogh to heal the orc wizard.
The orc wizard is healed somewhat.
In your confused state, you trip and fall back down the stairs.
You feel very sick. The water moccasin closely misses you.
The orc wizard completely misses you. The orc priest closely misses you.
The water moccasin closely misses you.
You feel very sick.
The orc wizard is no longer more vulnerable to fire.
The orc wizard gestures at you while chanting.
The magic dart hits you!
* * * LOW HITPOINT WARNING * * *
The water moccasin bites you.
* * * LOW HITPOINT WARNING * * *
You are more poisoned.
The water moccasin poisons you!
The orc priest hits you with a +0 morningstar.
* * * LOW HITPOINT WARNING * * *
In your confused state, you trip and fall back down the stairs.
* * * LOW HITPOINT WARNING * * *
You feel less confused.
* * * LOW HITPOINT WARNING * * *
You feel very sick. The orc wizard closely misses you.
The water moccasin bites you.
You die...

#~~ 8~ # ~. #~
. # ##..#) .#
....).####.####
..?...o@.......
......So.#.....
########.# ###
#.# #.# #.# #.#
#.# #.#


You could see a water moccasin, an orc priest and an orc wizard.

Vanquished Creatures
  An ogre (D:4)
  2 bullfrogs (Sewer)
  A scorpion (D:5)
  An orc priest (D:5)
  Crazy Yiuf (D:2)
  Terence (D:2)
  Jessica (D:2)
  An orc wizard (D:5)
  11 adders
  3 gnolls (D:4)
  3 river rats (Sewer)
  3 worms (D:4)
  4 dart slugs
  17 orcs
  8 endoplasms
  5 giant cockroaches
  13 goblins
  15 hobgoblins
  4 quokkas
  26 ball pythons
  7 bats
  6 frilled lizards
  12 kobolds
  34 rats
180 creatures vanquished.

Vanquished Creatures (others)
  397 foxfires
397 creatures vanquished.

Grand Total: 577 creatures vanquished

Notes
Turn   | Place    | Note
-------+----------+-------------------------------------------
     0 | D:1      | CryoSword the Demigod Fire Elementalist began the quest for
                  | the Orb.
     0 | D:1      | Reached XP level 1. HP: 14/14 MP: 5/5
    36 | D:1      | Reached skill level 1 in Conjurations
   310 | D:1      | Reached skill level 3 in Fire Magic
   465 | D:1      | Reached XP level 2. HP: 20/20 MP: 4/7
   775 | D:1      | Learned a level 2 spell: Scorch
  1107 | D:2      | Identified the "Curgh"
  1229 | D:2      | Noticed Jessica
  1235 | D:2      | Killed Jessica
  1236 | D:2      | Reached XP level 3. HP: 26/26 MP: 0/8
  1361 | D:2      | Noticed Terence
  1718 | D:2      | Killed Terence
  1719 | D:2      | Reached XP level 4. HP: 18/34 MP: 0/9
  2105 | D:2      | Found a runed translucent door.
  2106 | D:2      | Noticed Crazy Yiuf
  2378 | D:2      | Killed Crazy Yiuf
  2583 | D:3      | Reached skill level 4 in Fire Magic
  2850 | D:3      | Reached skill level 1 in Shields
  2925 | D:3      | Reached skill level 1 in Fighting
  2925 | D:3      | Reached XP level 5. HP: 40/40 MP: 3/10
  3591 | D:4      | Noticed an ogre
  3834 | D:4      | Found a glowing drain.
  3858 | Sewer    | Entered a sewer
  3938 | Sewer    | Learned a level 3 spell: Volatile Blastmotes
  4691 | Sewer    | Reached XP level 6. HP: 48/48 MP: 5/11
  4846 | Sewer    | Reached skill level 1 in Translocations
  5910 | D:4      | Reached XP level 7. HP: 56/56 MP: 4/13
  6229 | D:4      | Learned a level 4 spell: Flame Wave
  6229 | D:4      | Upgraded the game from 0.31-a0-963-ga325b2283a to
                  | 0.31-a0-981-geadf994542
  6256 | D:5      | Entered Level 5 of the Dungeon
  6338 | D:5      | Reached skill level 5 in Fire Magic
  6348 | D:5      | HP: 1/56 [poisoned by a water moccasin]
  6348 | D:5      | Slain by a water moccasin

Illustrated notes

Levels and vault maps discovered:
D:1:      eino_arrival_water_cross, layout_loops_ring, serial_aquarium,
          aquarium_bridge_square [aquarium_subvault_wall,
          aquarium_subvault_bridge, aquarium_subvault_bridge,
          aquarium_subvault_window], aquarium_window_corridor_1,
          aquarium_window_1, aquarium_window_2, aquarium_view_2e,
          minmay_misc_feat_cross, amcnicky_mini_rare_corridor_liquid,
          hangedman_feature_mirror, hangedman_decor_growths
D:2:      layout_basic, shapermc_ecumenical_altar_mp_vishouse,
          uniq_crazy_yiuf_cottage, uniq_jessica, uniq_terence
D:3:      layout_loops_ring
D:4:      corexii_shantytown, layout_cave_pools, grunt_temple_overflow_open,
          cheibrodos_sewer_entry_bend, eino_tiny_chamber, skrybe_limestone_x
D:5:      layout_loops_ring, grunt_temple_overflow_champion_of_chaos,
          moated_statue

Skill      XL: |  1  2  3  4  5  6  7 |
---------------+----------------------+-----
Conjurations   | 1 2 3 |  3.7
Fire Magic     | 3 4 5 |  5.1
Shields        | 1 |  1.2
Fighting       | 1 2 |  2.5
Spellcasting   | 2 |  2.6
Translocations | 2 |  2.4
Dodging        | |  1.7
Stealth        | |  1.7

Action                     |  1- 3 |  4- 6 |  7- 9 || total
---------------------------+-------+-------+-------++-------
  Melee: Dagger            |    16 |       |       ||    16
         Unarmed           |     1 |       |       ||     1
         Quarterstaff      |       |    29 |       ||    29
   Cast: Foxfire           |    61 |   165 |     8 ||   234
         Scorch            |    11 |    63 |     7 ||    81
         Volatile Blastmot |       |     4 |       ||     4
    Use: Scroll            |     1 |     3 |     2 ||     6
   Stab: Sleeping          |     1 |       |       ||     1
 Armour: Robe              |    12 |    32 |     6 ||    50
  Dodge: Dodged            |    32 |    66 |     7 ||   105

Table legend: (Time is in decaauts)
 A = Elapsed time spent in this place.
 B = Non-inter-level travel time spent in this place.
 C = Inter-level travel time spent in this place.
 D = Time resting spent in this place.
 E = Time spent auto-exploring this place.
 F = Levels seen in this place.
 G = Mean time per level.
                   A        B        C        D        E       F      G
               +--------+--------+--------+--------+--------+-----+--------+
         Total |   6432 |   6134 |    298 |    625 |   4137 |   6 | 1072.0 |
       Dungeon |   5218 |   4920 |    298 |    293 |   3552 |   5 | 1043.6 |
         Sewer |   1213 |   1213 |      0 |    332 |    584 |   1 | 1213.0 |
               +--------+--------+--------+--------+--------+-----+--------+

Top non-repeatable levels by time:
     D:4: 1547 daAuts
     D:2: 1371 daAuts
   Sewer: 1213 daAuts
     D:1: 1169 daAuts
     D:3: 1088 daAuts
     D:5: 42 daAuts
